Map: Tempest

Players

A.I. 7 (Harder)

  • Race: Protoss Protoss
  • Spawn Location: 7:00

A.I. 6 (Hard)

  • Race: Protoss Protoss
  • Spawn Location: 6:00

A.I. 5 (Hard)

  • Race: Zerg Zerg
  • Spawn Location: 11:00

A.I. 4 (Hard)

  • Race: Zerg Zerg
  • Spawn Location: 12:00

Raynar - Winner!

  • Race: Protoss Protoss
  • Spawn Location: 5:00

TNF - Winner!

  • Race: Protoss Protoss
  • Spawn Location: 1:00

Farkwad - Winner!

  • Race: Zerg Zerg
  • Spawn Location: 3:00

Throwfordays - Winner!

  • Race: Zerg Zerg
  • Spawn Location: 5:00

VOD

Have the link to the VOD?

Description

Time

  • Played on: May 9, 2020, 10:41 p.m.
  • Length: 16:02
Show
View Real Time Build Order
Export as new Build Order

A.I. 7 (Harder) Protoss 

Build Orders:  

Get SALT Encoding   

  12  0:01  Probe  
  13  0:13  Probe  
  14  0:22  Pylon  
  14  0:25  Probe  
  15  0:36  Probe  
  16  0:44  Probe  
  16  0:48  Assimilator  
  17  0:51  Gateway  
  17  0:53  Probe  
  18  1:01  Pylon, Probe  
  19  1:22  Probe  
  20  1:40  Cybernetics Core, Zealot  
  20  1:42  Gateway  
  22  1:47  Assimilator  
  22  2:04  Pylon  
  22  2:11  Stalker  
  24  2:25  Warp Gate  
  24  2:29  Stalker  
  26  2:41  Zealot  
  28  2:48  Pylon  
  28  2:59  Adept, Zealot  
  32  3:26  Stalker  
  34  3:29  Stalker  
  34  3:32  Pylon  
  36  3:41  Probe  
  37  3:54  Probe  
  38  3:56  Adept  
  38  4:00  Stalker  
  42  4:03  Forge  
  42  4:04  Probe  
  43  4:13  Probe  
  44  4:21  Probe  
  44  4:26  Pylon  
  45  4:32  Probe  
  45  4:33  Stalker  
  48  4:42  Stalker  
  50  5:25  Protoss Ground Weapons Level 1  
  50  5:45  Sentry  
  50  5:47  Gateway  
  52  5:50  Robotics Facility  
  52  5:52  Twilight Council  
  52  5:53  Stalker  
  52  5:54  Pylon  
  52  5:55  Nexus  
  54  5:59  Photon Cannon  
  54  6:08  Stalker  
  54  6:17  Sentry  
  52  6:29  Blink  
  52  6:31  Stalker  
  54  6:38  Observer  
  55  6:40  Adept  
  57  6:48  Zealot  
  57  6:49  Photon Cannon  
  59  6:59  Observer  
  60  7:05  Stargate, Probe  
  60  7:07  Forge  
  60  7:11  Probe  
  60  7:13  Probe  
  62  7:20  Probe  
  63  7:23  Probe  
  63  7:28  Probe  
  65  7:33  Protoss Ground Armor Level 1  
  65  7:35  Probe  
  67  7:38  Probe  
  68  7:46  Pylon  
  68  7:47  Probe  
  68  7:49  Pylon  
  68  7:50  Probe  
  70  7:59  Probe  
  70  8:01  Probe  
  72  8:10  Probe  
  72  8:11  Photon Cannon, Probe  
  73  8:17  Photon Cannon  
  74  8:31  Observer  
  74  8:33  Assimilator  
  74  8:40  Assimilator  
  74  8:56  Probe x2  
  76  9:05  Stalker  
  76  9:08  Probe  
  69  9:10  Probe  
  69  9:14  Stalker  
  49  9:20  Probe  
  49  9:21  Probe  
  49  9:23  Adept  
  53  9:32  Observer, Stalker  
  56  9:40  Stalker  
  56  9:49  Stalker  
  58  9:58  Zealot  
  56  10:04  Gateway, Stalker  
  52  10:08  Stargate  
  52  10:11  Phoenix  
  52  10:12  Robotics Facility  
  54  10:16  Zealot  
  54  10:22  Stalker  
  54  10:27  Zealot, Warp Prism  
  58  10:32  Void Ray, Sentry  
  64  10:45  Stalker  
  64  10:50  Zealot  
  64  10:55  Zealot  
  60  10:59  Gateway  
  60  11:00  Sentry  
  60  11:02  Warp Prism  
  64  11:05  Stargate  
  64  11:06  Phoenix  
  64  11:11  Zealot  
  68  11:16  Zealot  
  64  11:21  Stalker  
  64  11:23  Stalker  
  68  11:29  Void Ray  
  68  11:31  Stalker  
  74  11:33  Stalker  
  74  11:38  Pylon  
  66  11:44  Stalker  
  60  11:49  Zealot  
  60  11:51  Stalker  
  59  11:54  Stalker  
  59  11:55  Pylon  
  57  12:06  Pylon  
  57  12:07  Stalker  
  52  12:18  Stalker  
  44  12:30  Zealot  
  43  12:43  Pylon  
  15  13:20  Pylon  
  4  13:47  Nexus  
  4  13:55  Pylon  
  2  14:24  Pylon  
  2  14:56  Probe  
  2  15:05  Probe  
  4  15:15  Probe  
  4  15:16  Pylon, Nexus  
  5  15:38  Probe  
  6  15:50  Probe  
Show
View Real Time Build Order
Export as new Build Order

A.I. 6 (Hard) Protoss 

Build Orders:  

Get SALT Encoding   

  12  0:01  Probe  
  13  0:13  Probe  
  14  0:20  Pylon  
  14  0:25  Probe  
  15  0:34  Probe  
  16  0:42  Probe  
  16  0:47  Assimilator  
  17  0:51  Gateway  
  17  0:52  Probe  
  18  1:00  Probe  
  18  1:02  Pylon  
  19  1:19  Probe  
  20  1:39  Zealot  
  22  1:41  Gateway  
  22  1:44  Cybernetics Core  
  22  1:46  Assimilator  
  22  2:03  Pylon  
  22  2:10  Adept  
  22  2:20  Warp Gate  
  24  2:31  Zealot  
  26  2:40  Pylon  
  26  2:42  Adept  
  28  2:58  Adept  
  28  3:03  Adept  
  32  3:20  Pylon, Probe  
  33  3:28  Adept  
  33  3:33  Probe  
  36  3:34  Stalker  
  38  3:42  Forge  
  38  3:45  Probe  
  39  3:53  Adept  
  39  3:57  Probe  
  42  4:09  Probe  
  43  4:11  Stalker  
  45  4:21  Probe  
  46  4:32  Adept  
  48  5:37  Protoss Ground Weapons Level 1  
  48  5:56  Stalker  
  50  5:59  Gateway  
  50  6:02  Pylon  
  50  6:05  Photon Cannon  
  50  6:07  Sentry  
  50  6:08  Photon Cannon  
  50  6:09  Nexus  
  52  6:12  Robotics Facility  
  52  6:16  Stargate  
  52  6:17  Zealot  
  52  6:26  Pylon  
  52  6:30  Stalker  
  54  6:40  Stalker  
  54  6:46  Twilight Council  
  56  6:52  Pylon, Stalker  
  58  6:59  Observer  
  58  7:00  Forge  
  59  7:03  Stalker  
  61  7:13  Zealot  
  63  7:20  Probe  
  63  7:21  Observer  
  63  7:22  Protoss Ground Armor Level 1, Probe  
  65  7:23  Sentry  
  65  7:26  Blink  
  68  7:31  Probe  
  68  7:33  Pylon  
  68  7:34  Probe  
  70  7:38  Pylon  
  70  7:42  Probe  
  71  7:46  Probe  
  72  7:55  Probe  
  73  7:58  Probe  
  73  8:00  Photon Cannon  
  74  8:06  Photon Cannon  
  74  8:07  Probe  
  74  8:10  Probe  
  76  8:19  Probe x2  
  78  8:31  Probe  
  79  8:36  Stalker x2  
  79  8:46  Assimilator  
  79  8:51  Assimilator  
  79  9:05  Stalker  
  79  9:09  Probe  
  78  9:10  Probe  
  78  9:15  Stalker  
  69  9:19  Probe  
  69  9:23  Probe  
  75  9:27  Probe  
  75  9:36  Pylon  
  76  9:39  Zealot  
  64  9:56  Probe  
  64  9:57  Pylon  
  64  9:59  Zealot  
  47  10:16  Probe  
  47  10:20  Zealot, Probe  
  49  10:26  Probe  
  36  10:36  Pylon  
  22  10:59  Nexus  
  8  11:12  Pylon  
  8  11:21  Nexus  
  4  11:28  Nexus  
  2  12:37  Probe  
  3  12:45  Probe  
  4  12:55  Probe  
  4  13:07  Probe  
  5  13:17  Pylon  
  5  13:19  Probe  
  6  13:32  Probe  
  6  13:40  Probe  
Show
View Real Time Build Order
Export as new Build Order

A.I. 5 (Hard) Zerg 

Build Orders: 1 Base Baneling Bust, Pool First 

Get SALT Encoding   

  12  0:01  Drone  
  13  0:12  Overlord  
  13  0:17  Drone  
  14  0:30  Drone  
  14  0:32  Drone  
  16  0:42  Spawning Pool  
  16  0:46  Drone  
  16  0:50  Drone  
  16  0:53  Extractor  
  16  0:55  Drone  
  17  1:06  Overlord  
  17  1:31  Zergling x2  
  17  1:32  Queen  
  20  1:33  Zergling x2  
  20  1:38  Drone  
  20  1:39  Roach Warren  
  21  1:46  Extractor  
  20  1:50  Baneling Nest  
  19  1:55  Drone  
  19  2:00  Drone  
  21  2:11  Drone  
  22  2:22  Zergling x2  
  23  2:32  Drone  
  23  2:35  Baneling  
  23  2:36  Baneling  
  24  2:38  Overlord  
  24  2:39  Zergling x2  
  24  2:41  Zergling x2  
  24  2:43  Baneling  
  24  2:44  Zergling x2  
  27  2:54  Drone  
  28  3:05  Zergling x2  
  29  3:11  Zergling x2  
  30  3:13  Zergling x2, Overlord  
  30  3:17  Zergling x2, Baneling  
  32  3:22  Baneling  
  32  3:27  Zergling x2  
  32  3:30  Baneling  
  33  3:38  Zergling x2, Evolution Chamber  
  33  3:43  Drone  
  33  3:44  Drone  
  33  3:46  Drone  
  36  3:50  Drone  
  37  4:01  Drone  
  38  4:12  Drone  
  38  4:14  Overlord  
  38  4:15  Drone  
  40  4:43  Roach  
  42  4:45  Evolution Chamber  
  42  4:46  Overlord  
  42  4:50  Drone  
  42  4:52  Roach  
  44  4:55  Metabolic Boost  
  44  5:00  Lair, Roach  
  46  5:09  Roach  
  46  5:11  Zerg Melee Weapons Level 1  
  48  5:26  Zerg Ground Armor Level 1  
  48  5:55  Roach  
  50  5:58  Burrow  
  50  6:00  Centrifical Hooks, Overlord  
  50  6:01  Hydralisk Den  
  51  6:04  Roach  
  51  6:13  Roach  
  53  6:22  Roach  
  55  6:29  Overlord  
  55  6:30  Hydralisk  
  57  6:32  Spore Crawler  
  57  6:33  Drone  
  57  6:37  Hatchery  
  57  6:38  Hydralisk  
  58  6:48  Hydralisk  
  60  6:55  Drone  
  60  6:56  Hydralisk  
  60  6:58  Overseer  
  60  7:00  Overseer  
  63  7:06  Zerg Missile Weapons Level 1  
  63  7:08  Spore Crawler  
  62  7:14  Queen  
  64  7:25  Infestation Pit  
  57  7:34  Spine Crawler  
  56  7:41  Spine Crawler  
  55  7:50  Drone  
  56  7:51  Drone  
  56  7:55  Drone  
  58  8:02  Drone  
  58  8:05  Spore Crawler  
  58  8:09  Drone  
  58  8:12  Drone  
  60  8:15  Drone  
  60  8:19  Drone  
  62  8:22  Drone  
  62  8:25  Drone  
  64  8:28  Drone  
  64  8:30  Drone  
  64  8:33  Drone  
  67  8:35  Drone  
  67  8:38  Drone  
  67  8:40  Drone  
  70  8:44  Drone  
  70  8:46  Drone  
  72  8:51  Infestor  
  74  8:57  Infestor  
  70  9:04  Zergling x2  
  65  9:11  Infestor  
  65  9:18  Infestor  
  65  9:20  Extractor  
  65  9:21  Pneumatized Carapace  
  65  9:22  Extractor  
  55  9:47  Zergling x2, Overseer  
  55  9:51  Overseer  
  51  9:54  Roach  
  53  10:01  Roach  
  53  10:06  Hydralisk  
  55  10:07  Overseer  
  55  10:12  Overlord  
  57  10:15  Roach  
  55  10:21  Roach  
  55  10:28  Roach  
  54  10:34  Zergling x2  
  53  10:41  Infestor  
  55  10:48  Infestor  
  57  10:56  Infestor  
  57  10:57  Drone  
  60  11:10  Infestor  
  62  11:11  Drone  
  62  11:13  Drone  
  62  11:17  Roach  
  66  11:27  Infestor  
  66  11:28  Overlord  
  68  11:41  Infestor  
  68  11:46  Spore Crawler, Drone  
  70  11:48  Drone  
  70  11:49  Drone  
  70  11:52  Hydralisk  
  72  11:58  Queen  
  72  11:59  Infestor  
  72  12:00  Overlord  
  76  12:06  Zergling x2  
  74  12:13  Infestor  
  76  12:17  Spine Crawler  
  76  12:18  Drone  
  76  12:22  Spine Crawler  
  75  12:23  Drone  
  75  12:27  Infestor  
  78  12:34  Hydralisk  
  76  12:38  Overseer, Overlord  
  76  12:42  Roach  
  74  12:44  Hydralisk  
  74  12:48  Roach  
  80  12:51  Roach  
  80  12:54  Roach  
  80  12:57  Overlord, Roach  
  82  13:00  Roach  
  82  13:03  Roach  
  82  13:05  Hydralisk  
  82  13:09  Hydralisk  
  82  13:12  Hydralisk  
  86  13:17  Overlord, Hydralisk  
  90  13:24  Zergling x2  
  90  13:30  Roach  
  90  13:31  Hydralisk  
  90  13:32  Overseer  
  88  13:34  Hydralisk  
  88  13:38  Overlord  
  88  13:39  Roach  
  82  13:43  Roach  
  82  13:47  Roach  
  82  13:48  Overseer  
  68  13:49  Overlord  
  64  13:56  Roach  
  64  14:00  Roach  
  68  14:03  Overseer  
  68  14:07  Roach, Overlord  
  70  14:10  Infestor  
  70  14:13  Roach  
  70  14:16  Roach  
  75  14:25  Overlord  
  75  14:26  Roach  
  75  14:29  Roach  
  79  14:32  Roach  
  79  14:34  Hatchery  
  79  14:35  Roach  
  79  14:38  Hydralisk  
  84  14:43  Hydralisk  
  84  14:44  Overlord  
  86  14:46  Infestor  
  86  14:49  Infestor  
  86  14:52  Infestor  
  84  14:56  Roach  
  84  14:58  Overlord  
  84  15:01  Overlord  
  84  15:05  Overlord  
  78  15:10  Hatchery  
  30  15:22  Drone  
  5  15:36  Drone x4  
  5  15:38  Drone  
  5  15:46  Drone  
Show
View Real Time Build Order
Export as new Build Order

A.I. 4 (Hard) Zerg 

Build Orders: 1 Base Baneling Bust, Pool First 

Get SALT Encoding   

  12  0:01  Drone  
  13  0:12  Overlord  
  13  0:16  Drone  
  14  0:30  Drone  
  14  0:32  Drone  
  16  0:42  Spawning Pool  
  15  0:45  Drone  
  16  0:50  Drone  
  16  0:53  Extractor  
  16  0:55  Drone  
  17  1:06  Overlord  
  17  1:28  Queen  
  17  1:31  Zergling x2  
  20  1:38  Drone  
  21  1:40  Roach Warren  
  21  1:41  Extractor  
  21  1:43  Zergling x2  
  20  1:49  Drone  
  21  2:00  Drone  
  22  2:13  Drone  
  23  2:21  Roach  
  25  2:32  Drone  
  25  2:35  Roach, Overlord  
  28  2:47  Roach  
  32  2:58  Roach  
  32  2:59  Overlord  
  32  3:10  Roach  
  34  3:21  Roach  
  34  3:24  Overlord  
  36  3:33  Roach  
  38  3:43  Drone  
  38  3:44  Roach  
  38  3:47  Overlord  
  41  3:51  Drone  
  42  3:56  Roach  
  42  4:00  Drone  
  45  4:09  Baneling Nest  
  44  4:10  Roach  
  44  4:11  Drone  
  44  4:12  Drone  
  44  4:14  Drone  
  49  4:22  Zergling x2  
  49  4:27  Evolution Chamber  
  48  4:33  Drone  
  49  4:44  Drone  
  49  4:45  Roach  
  52  4:56  Roach  
  54  6:38  Lair, Overlord  
  54  6:39  Zerg Melee Weapons Level 1  
  54  6:40  Evolution Chamber  
  54  6:43  Spore Crawler  
  54  6:44  Drone  
  54  6:46  Spore Crawler  
  54  6:47  Drone  
  53  6:50  Hatchery, Drone  
  53  6:58  Overlord  
  53  7:06  Zerg Missile Weapons Level 1  
  53  7:14  Spine Crawler  
  52  7:20  Spine Crawler  
  52  7:21  Drone  
  52  7:35  Queen  
  52  7:37  Overseer  
  54  7:38  Overseer, Hydralisk Den  
  54  7:40  Drone  
  54  7:42  Infestation Pit  
  53  8:02  Burrow, Drone  
  53  8:04  Drone  
  56  8:05  Drone  
  56  8:07  Drone, Hydralisk  
  56  8:08  Drone  
  56  8:10  Drone  
  56  8:11  Queen  
  63  8:15  Extractor  
  63  8:17  Drone, Hydralisk  
  63  8:18  Spore Crawler  
  63  8:19  Drone  
  65  8:22  Overlord  
  65  8:23  Spore Crawler, Drone  
  65  8:24  Drone  
  65  8:26  Drone, Infestor  
  69  8:27  Drone  
  69  8:29  Drone  
  69  8:31  Drone  
  69  8:33  Drone  
  69  8:34  Zerg Ground Armor Level 1  
  73  8:35  Drone  
  73  8:40  Drone  
  75  8:42  Drone  
  76  8:51  Drone  
  76  8:52  Infestor, Drone  
  76  8:55  Overlord  
  80  8:58  Drone  
  80  9:02  Drone, Hydralisk  
  84  9:12  Hydralisk  
  84  9:14  Drone, Spine Crawler  
  86  9:18  Spine Crawler  
  86  9:22  Hydralisk  
  79  9:26  Overseer  
  69  9:31  Hydralisk  
  69  9:37  Spire  
  69  9:38  Drone  
  71  9:41  Zergling x2  
  72  9:50  Infestor  
  72  9:51  Roach  
  66  10:01  Roach  
  66  10:03  Overseer  
  64  10:11  Roach  
  62  10:20  Roach  
  60  10:21  Extractor  
  60  10:22  Drone  
  60  10:29  Hydralisk  
  62  10:39  Infestor  
  60  10:44  Drone  
  60  10:46  Overlord  
  61  10:51  Infestor  
  63  10:58  Pneumatized Carapace  
  63  11:03  Roach  
  65  11:09  Overseer  
  65  11:14  Hydralisk  
  67  11:25  Hydralisk  
  69  11:37  Hydralisk  
  71  11:48  Overlord  
  71  11:50  Corruptor  
  71  11:51  Hive  
  66  12:04  Corruptor  
  60  12:16  Zergling x2  
  61  12:27  Infestor  
  63  12:40  Corruptor  
  65  12:53  Infestor  
  65  13:03  Greater Spire  
  65  13:06  Zerg Melee Weapons Level 2  
  61  13:20  Zergling x2  
  55  13:30  Corruptor  
  55  13:42  Corruptor  
  55  13:45  Overlord  
  55  13:46  Overseer  
  57  13:54  Corruptor  
  59  14:02  Pathogen Glands  
  59  14:32  Corruptor  
  57  14:44  Corruptor  
  52  14:53  Overlord  
  52  14:55  Corruptor  
  52  14:59  Roach  
  56  15:02  Roach  
  56  15:05  Brood Lord  
  56  15:06  Hydralisk  
  62  15:11  Roach, Overlord  
  64  15:14  Roach  
  64  15:17  Overseer, Hydralisk  
  64  15:21  Extractor  
  66  15:24  Extractor  
  66  15:27  Roach  
  62  15:29  Overlord  
  62  15:30  Roach  
  62  15:33  Roach  
  64  15:36  Roach  
  64  15:37  Roach  
  64  15:41  Spine Crawler, Overlord  
  51  15:44  Zergling x2  
  51  15:46  Overseer  
  39  15:54  Extractor  
Show
View Real Time Build Order
Export as new Build Order

Raynar Protoss - Winner!

Build Orders: 1 Gate Expand 

Get SALT Encoding   

  12  0:00  Probe  
  13  0:13  Probe  
  14  0:18  Pylon  
  14  0:25  Probe  
  15  0:33  Assimilator  
  15  0:37  Probe  
  16  0:44  Gateway  
  16  0:49  Probe (Chrono Boost)  
  17  1:01  Probe (Chrono Boost)  
  18  1:08  Probe (Chrono Boost)  
  19  1:15  Probe  
  20  1:27  Probe  
  21  1:34  Nexus  
  21  1:36  Pylon  
  21  1:39  Probe  
  22  1:46  Pylon  
  22  1:53  Probe  
  23  2:00  Forge  
  23  2:05  Probe  
  24  2:14  Cybernetics Core  
  24  2:17  Probe  
  25  2:30  Pylon  
  25  2:39  Probe (Chrono Boost)  
  26  2:50  Probe x2 (Chrono Boost)  
  28  2:58  Probe x2 (Chrono Boost)  
  30  3:00  Assimilator  
  30  3:03  Probe (Chrono Boost)  
  30  3:05  Probe  
  32  3:14  Probe  
  32  3:16  Stargate  
  32  3:17  Probe  
  32  3:18  Pylon  
  34  3:26  Probe  
  35  3:30  Probe  
  36  3:38  Probe  
  37  3:44  Photon Cannon  
  37  3:45  Photon Cannon  
  37  3:47  Shield Battery  
  37  3:50  Probe  
  37  3:51  Shield Battery  
  37  3:54  Photon Cannon  
  38  4:00  Assimilator, Probe  
  40  4:02  Probe  
  40  4:06  Void Ray  
  44  4:12  Probe  
  44  4:13  Photon Cannon  
  45  4:24  Probe  
  46  4:33  Photon Cannon  
  46  4:35  Photon Cannon  
  46  4:37  Shield Battery  
  46  4:42  Photon Cannon  
  46  4:48  Protoss Shields Level 1, Probe  
  46  4:49  Void Ray (Chrono Boost)  
  46  4:50  Probe  
  52  5:00  Probe  
  52  5:03  Probe  
  54  5:12  Protoss Air Weapons Level 1 (Chrono Boost), Probe  
  55  5:15  Probe  
  56  5:24  Void Ray  
  56  5:27  Probe  
  61  5:39  Shield Battery  
  61  5:42  Photon Cannon  
  61  5:52  Shield Battery  
  61  5:55  Stargate, Probe  
  62  6:00  Assimilator  
  62  6:07  Void Ray, Probe  
  67  6:19  Probe  
  68  6:35  Pylon x2  
  68  6:41  Pylon  
  68  6:42  Twilight Council, Pylon  
  68  6:51  Void Ray (Chrono Boost)  
  76  7:01  Void Ray (Chrono Boost)  
  76  7:17  Void Ray  
  76  7:24  Protoss Shields Level 2 (Chrono Boost)  
  76  7:27  Void Ray  
  84  8:00  Void Ray  
  88  8:21  Protoss Air Armor Level 1 (Chrono Boost), Fleet Beacon  
  88  8:48  Void Ray  
  88  8:49  Void Ray  
  96  10:09  Flux Vanes, Void Ray (Chrono Boost)  
  100  10:27  Protoss Air Weapons Level 2 (Chrono Boost)  
  100  10:49  Void Ray  
  100  11:19  Pylon  
  100  11:21  Pylon  
  100  11:22  Pylon x2  
  100  11:37  Void Ray  
  104  12:20  Void Ray (Chrono Boost)  
  104  12:40  Void Ray (Chrono Boost)  
  108  12:56  Void Ray (Chrono Boost)  
  100  13:16  Void Ray (Chrono Boost)  
  104  13:36  Void Ray (Chrono Boost)  
  114  14:11  Void Ray (Chrono Boost)  
  118  14:33  Void Ray (Chrono Boost)  
  116  14:44  Void Ray (Chrono Boost)  
  120  15:08  Void Ray  
Show
View Real Time Build Order
Export as new Build Order

TNF Protoss - Winner!

Build Orders:  

Get SALT Encoding   

  12  0:03  Probe  
  13  0:15  Probe  
  14  0:27  Probe  
  15  0:47  Pylon  
  15  0:54  Assimilator  
  15  0:59  Assimilator  
  15  1:34  Pylon  
  15  1:38  Probe  
  16  1:46  Forge  
  16  1:50  Probe  
  16  1:51  Gateway  
  17  2:03  Probe  
  18  2:15  Probe  
  19  2:23  Photon Cannon  
  19  2:27  Photon Cannon, Probe  
  20  2:33  Photon Cannon  
  20  2:39  Probe  
  20  2:42  Photon Cannon  
  21  2:51  Photon Cannon, Probe  
  22  3:00  Photon Cannon  
  22  3:08  Zealot  
  24  3:25  Protoss Shields Level 1  
  24  3:36  Cybernetics Core, Zealot  
  24  3:40  Probe  
  27  4:15  Nexus  
  27  4:27  Shield Battery  
  27  4:37  Shield Battery  
  27  4:47  Photon Cannon  
  27  4:55  Photon Cannon  
  27  5:07  Assimilator  
  27  5:12  Assimilator  
  27  5:13  Stalker  
  29  5:33  Protoss Ground Weapons Level 1  
  29  5:42  Probe  
  30  5:43  Adept  
  32  5:54  Probe  
  33  6:06  Pylon  
  33  6:07  Probe  
  34  6:11  Stargate  
  34  6:13  Sentry  
  36  6:19  Probe  
  36  6:22  Twilight Council  
  37  6:39  Stalker  
  39  6:41  Probe (Chrono Boost)  
  40  6:52  Probe (Chrono Boost)  
  41  6:57  Probe (Chrono Boost)  
  41  7:00  Stargate  
  42  7:07  Protoss Air Weapons Level 1, Probe  
  42  7:08  Robotics Facility  
  43  7:09  Adept  
  45  7:20  Probe  
  45  7:21  Fleet Beacon  
  46  7:25  Charge  
  46  7:42  Protoss Ground Armor Level 1  
  46  7:46  Photon Cannon  
  46  7:52  Photon Cannon  
  46  7:55  Probe  
  47  8:07  Probe  
  48  8:19  Probe  
  49  8:31  Probe  
  51  9:02  Pylon  
  51  9:04  Tempest, Probe  
  54  9:15  Protoss Air Armor Level 1  
  42  9:31  Void Ray  
  46  9:41  Immortal  
  46  9:45  Stalker  
  52  9:50  Protoss Shields Level 2  
  51  10:15  Sentry  
  53  10:51  Pylon  
  53  10:55  Pylon  
  53  10:58  Pylon  
  53  11:01  Pylon  
  53  11:09  Adept, Void Ray  
  59  11:12  Photon Cannon  
  59  11:27  Tempest  
  59  11:29  Pylon  
  64  11:39  Zealot  
  71  12:07  Sentry  
  73  12:09  Photon Cannon  
  73  12:10  Tempest  
  73  12:12  Photon Cannon  
  73  12:13  Tempest  
  78  12:16  Photon Cannon  
  78  12:20  Photon Cannon x2  
  78  12:27  Shield Battery  
  78  12:29  Shield Battery  
  78  12:34  Photon Cannon  
  78  12:37  Stalker  
  78  12:40  Immortal  
  84  12:51  Protoss Shields Level 3  
  84  12:53  Tempest  
  84  12:56  Tempest  
  94  13:03  Protoss Air Weapons Level 2  
  94  13:15  Pylon  
  94  14:10  Photon Cannon  
  94  14:16  Photon Cannon  
Show
View Real Time Build Order
Export as new Build Order

Farkwad Zerg - Winner!

Build Orders: 1 Base Baneling Bust, Pool First 

Get SALT Encoding   

  12  0:23  Drone  
  12  0:25  Drone  
  12  0:26  Overlord  
  14  0:40  Spawning Pool  
  13  1:01  Drone  
  14  1:13  Evolution Chamber  
  14  1:17  Drone  
  14  1:22  Extractor  
  13  1:29  Extractor  
  12  1:42  Queen  
  14  1:49  Zergling x6  
  17  2:01  Drone  
  18  2:24  Baneling Nest  
  17  2:45  Drone  
  17  2:46  Drone x2  
  20  3:08  Lair  
  20  3:31  Spine Crawler  
  19  3:35  Drone x3  
  22  3:48  Baneling x4  
  22  3:49  Baneling x2  
  22  3:57  Spine Crawler  
  21  4:09  Spine Crawler  
  20  4:13  Spine Crawler  
  19  4:29  Centrifical Hooks  
  19  4:35  Zerg Ground Armor Level 1  
  19  4:43  Overlord  
  19  4:45  Overlord  
  19  4:46  Zergling x2  
  19  4:47  Zergling x2  
  19  4:48  Drone  
  22  5:09  Infestation Pit  
  21  5:20  Hydralisk Den  
  20  5:25  Baneling  
  20  5:31  Baneling x2  
  20  5:37  Baneling  
  20  6:10  Hatchery  
  19  6:38  Drone  
  20  6:46  Hive  
  20  7:06  Infestor  
  22  7:22  Spore Crawler  
  21  7:35  Drone x2  
  23  8:02  Burrow  
  23  8:39  Drone  
  24  9:02  Spire  
  22  9:13  Queen  
  20  9:30  Drone  
  22  9:31  Drone  
  22  9:46  Hydralisk  
  22  9:47  Hydralisk  
  22  9:48  Hydralisk  
  28  9:53  Grooved Spines  
  28  10:06  Spine Crawler  
  27  10:20  Spine Crawler  
  26  10:44  Greater Spire  
  26  10:49  Drone  
  28  10:50  Drone x2  
  29  11:24  Hydralisk  
  29  11:25  Hydralisk  
  31  11:28  Hydralisk  
  31  11:31  Hydralisk  
  37  11:44  Drone  
  37  11:45  Drone  
  37  11:46  Drone  
  40  12:26  Zerg Flyer Weapons Level 1  
  40  12:30  Corruptor  
  40  12:31  Corruptor  
  44  12:45  Overlord x2  
  44  13:02  Muscular Augments  
  44  13:21  Brood Lord  
  44  13:22  Brood Lord  
  48  13:34  Lair  
  48  13:50  Zerg Missile Weapons Level 1  
  48  14:12  Corruptor  
  48  14:13  Corruptor  
  48  14:14  Corruptor  
  54  14:43  Corruptor x2  
  58  14:49  Brood Lord  
  60  14:56  Overlord x2  
  60  15:07  Extractor  
  60  15:09  Drone  
  60  15:31  Brood Lord  
  60  15:34  Brood Lord  
Show
View Real Time Build Order
Export as new Build Order

Throwfordays Zerg - Winner!

Build Orders: Hatch First, Roach Hydra 

Get SALT Encoding   

  12  0:01  Drone  
  13  0:09  Drone  
  14  0:17  Overlord  
  14  0:36  Drone x2  
  14  0:37  Drone  
  17  0:56  Drone  
  18  0:58  Hatchery  
  17  1:12  Extractor  
  17  1:14  Drone  
  17  1:15  Spawning Pool  
  16  1:22  Drone x2  
  18  1:26  Extractor  
  18  1:30  Drone  
  18  1:40  Drone  
  19  1:54  Overlord  
  19  2:03  Queen  
  19  2:06  Metabolic Boost  
  21  2:09  Drone  
  21  2:14  Drone  
  23  2:17  Queen  
  23  2:21  Drone  
  26  2:25  Drone  
  27  2:37  Drone x2  
  29  2:45  Drone x2  
  29  2:50  Drone  
  32  2:57  Drone  
  33  3:07  Drone x2  
  33  3:12  Spine Crawler  
  34  3:16  Drone x2  
  34  3:19  Overlord  
  36  3:23  Spine Crawler  
  35  3:29  Overlord  
  35  3:30  Overlord  
  35  3:35  Spine Crawler  
  35  3:37  Spine Crawler  
  35  3:39  Drone x3  
  36  3:46  Spine Crawler  
  35  3:52  Spine Crawler  
  34  4:00  Drone x2  
  34  4:01  Drone x2  
  38  4:04  Drone  
  38  4:05  Drone  
  38  4:08  Drone x2  
  42  4:22  Extractor  
  42  4:23  Extractor  
  40  4:26  Drone  
  40  4:27  Drone x2  
  43  4:37  Drone x3  
  46  4:45  Drone  
  46  4:49  Drone x3  
  46  4:52  Drone  
  51  4:54  Drone  
  51  4:55  Drone x2  
  54  5:05  Evolution Chamber  
  54  5:06  Evolution Chamber  
  52  5:13  Roach Warren  
  51  5:19  Spine Crawler  
  50  5:22  Spine Crawler  
  49  5:28  Spine Crawler  
  49  5:31  Drone  
  49  5:32  Drone x2  
  49  5:33  Zerg Missile Weapons Level 1  
  49  5:35  Lair, Zerg Ground Armor Level 1  
  51  5:56  Baneling Nest  
  50  6:01  Roach x5  
  50  6:04  Overlord  
  60  6:06  Overlord  
  60  6:07  Overlord x4  
  60  6:27  Roach x4  
  68  6:35  Roach x4  
  76  6:46  Glial Reconstitution  
  76  6:53  Roach x4  
  84  6:54  Hydralisk Den  
  84  6:57  Roach  
  84  6:58  Roach  
  87  7:03  Nydus Network  
  87  7:06  Roach  
  88  7:10  Roach x2  
  92  7:37  Zerg Missile Weapons Level 2  
  92  7:38  Zerg Ground Armor Level 2  
  92  7:43  Roach  
  92  7:44  Roach x5  
  102  7:48  Hydralisk x2  
  102  7:50  Overlord  
  102  7:51  Overlord  
  108  7:55  Grooved Spines  
  108  8:18  Hydralisk x3  
  114  8:20  Hydralisk  
  114  8:21  Hydralisk  
  114  8:22  Hydralisk  
  120  8:27  Hydralisk x2  
  120  8:29  Overlord  
  124  8:35  Overseer  
  124  9:00  Nydus Canal  
  124  9:06  Muscular Augments  
  114  10:45  Hydralisk x2  
  114  10:46  Hydralisk x4  
  114  10:48  Hydralisk x3  
  132  10:50  Overlord x3  
  132  11:46  Nydus Canal  
  130  12:15  Nydus Canal  
  130  12:56  Infestation Pit  
  129  12:58  Overlord x3  
  129  12:59  Overlord  
  123  14:03  Hydralisk x4  
  123  14:04  Hydralisk x2  
  123  14:08  Hydralisk x4  
  123  14:09  Hydralisk x2  
  147  14:24  Nydus Canal  
Tags
 
Add a new tag
Caveats
  • Supply blocks, unpowered buildings, or Contaminate may cause inaccurate times.
  • Supply counts are checked every 10 seconds.